[Event "*** Titled Tuesday Blitz"]
[Site "Chess.com"]
[Date "2019.08.06"]
[Round "7"]
[White "platy3"]
[Black "Msb2"]
[Result "1-0"]
[WhiteElo "2878"]
[BlackElo "2852"]
[TimeControl "180+2"]
[EndTime "14:41:38 PDT"]
[Termination "platy3 won by checkmate"]

1. e4 c6 2. Nf3 d5 3. d3 dxe4 4. dxe4 Qxd1+ 5. Kxd1 Bg4 6. Be2 Nf6 7. Nfd2 Bxe2+ 8. Kxe2 Nbd7 9. a4 e5 10. f3 Bd6 11. Nc4 Bc7 12. Be3 Ke7 13. Nbd2 Rhd8 14. Nb3 b6 15. Rhd1 Ne8 16. Bd2 Ke6 17. Bb4 Ndf6 18.
a5 Rxd1 19. Rxd1 Nd7 20. Ne3 Bd6 21. Bc3 Nc5 22. Nxc5+ Bxc5 23. Nc4 f6 24. b4 Nd6 25. Na3 Bd4 26. Be1 bxa5 27. bxa5 Rb8 28. c3 Bc5 29. Nc2 Rb2 30. Kd3 Nb7 31. Ra1 Bg1 32. Nb4 Kd6 33. a6 Nc5+ 34. Kc4 Nd7 35. Bg3 Nb6+ 36. Kd3 c5 37. Nc2 c4+ 38. Kd2 Be3+ 39. Kd1 Bh6 40. Bf2 Kc7 41. Bc5 Kc6 42. Ba3 Rb3 43. Bb4 Rb2 44. g3 Nd7 45. Ba3 Rb8 46. Bb4 Nc5 47.
Bxc5 Kxc5 48. Ra5+ Kb6 49. Rd5 Kxa6 50. Nb4+ Kb6 51.
Rd6+ Kb5 52. Rd5+ Ka4 53. Kc2 Rb6 54. Rd1 a5 55. Ra1+ Kb5 56. Nd5 Rc6 57. Rb1+ Kc5 58. Rb7 Ra6 59. Kb2 f5 60. Ka3 fxe4 61. fxe4 Kc6 62.
Re7 Ra8 63. Ka4 Rf8 64. Re6+ Kd7 65. Rxe5 Rf2 66. Kxa5 Rxh2 67. Kb5 Rg2 68. Kxc4 Rxg3 69. Re7+ Kd8 70. Rf7 Bd2 71. Kd4 h5 72. c4 h4 73.
c5 Ba5 74. c6 Ke8 75. Re7+ Kf8 76. Ra7 Ra3 77. c7 Ra4+ 78. Kd3 Ra3+ 79. Kc4 Ra4+ 80.
Kb5 Bxc7 81. Rxa4 Be5 82. Ra3 Kf7 83. Kc4 g5 84. Ne3 Kg6 85. Ng4 Bf4 86. e5 Kf5 87. Kd5 Bc1 88. Ra1 Bb2 89. Rb1 Bxe5 90. Nxe5 g4 91.
Rf1+ Kg5 92. Ke4 h3 93. Rf8 Kh4 94. Kf4 g3 95. Rh8# 1-0

[Event "*** Titled Tuesday Blitz"]
[Site "Chess.com"]
[Date "2019.08.06"]
[Round "7"]
[White "IMRosen"]
[Black "MITerryble"]
[Result "1/2-1/2"]
[WhiteElo "2630"]
[BlackElo "2875"]
[TimeControl "180+2"]
[EndTime "14:42:55 PDT"]
[Termination "Game drawn by repetition"]

1. d4 Nf6 2. Bf4 d6 3. Nc3 Nh5 4. Bg5 h6 5. Bh4 g5 6. e4 Nf4 7. Bg3 Bg7 8. h4 Nc6 9. hxg5 hxg5 10. Rxh8+ Bxh8 11. Bxf4 gxf4 12. Bb5 Bd7 13. Qh5 Bxd4 14. Nf3 Bf6 15. Nd5 e6 16. Ng5 Ne5 17. Nxe6 Bxb5 18. Nxd8 Bxd8 19. Qh8+ Kd7 20. Qh3+ Ke8 21. O-O-O Ng6 22. g3 Bd7 23. Qh5 fxg3 24. fxg3 Be6 25. Nf4 Nxf4 26. gxf4 Bf6 27. f5 Bd7 28. Rg1 Ke7 29.
Qf3 Bc6 30. Re1 Rh8 31. Kb1 Be5 32. a3 a5 33. Qb3 a4 34. Qd3 Rh2 35. Qe3 Rh4 36.
Qg5+ Bf6 37. Qg2 Rf4 38. Qd2 Rh4 39. Qa5 Kd7 40. Qa8 Rh8 41. Qa7 Re8 42. Qf2 Re5 43. Qf3 Rb5 44. c3 Re5 45. Ka1 Ke7 46. Qd1 Bg5 47. Qd3 Bf6 48. Re2 Bg5 49. Qf3 Bf6 50. Qg2 Kf8 51. Qh1 Ke7 52. Qg1 Bb5 53. Re1 Bc6 54.
Qd4 Kd7 55. Qa7 Re8 56. Qf2 Rh8 57. Qf1 Be5 58. Qc4 Ke7 59. Qe2 Rh4 60. Qf3 Rf4 61. Qg2 Rxf5 62. Qh3 Rf4 63. Qc8 Rxe4 64. Qxc7+ Kf6 65. Rf1+ Rf4 66. Qd8+ Ke6 67. Qe8+ Kf6 68. Qh8+ Ke6 69. Qh6+ Rf6 70. Qh3+ Ke7 71. Re1 Re6 72. Qh4+ Bf6 73. Qf2 Rxe1+ 74. Qxe1+ Be5 75. Qf2 Ke6 76. Kb1 f5 77. Kc2 Be4+ 78. Kd2 f4 79. Qb6 f3 80. Ke3 Bc6 81. Qd8 Bf6 82. Qg8+ Ke7 83. Qh7+ Ke6 84. Qg8+ Ke7 85. Qh7+ Kf8 86. Qh6+ Kf7 87.
Qh5+ Ke6 88. Qg4+ Ke7 89. Qc4 Be5 90. Kf2 Kd7 91. Qg4+ Kc7 92. Qc4 Kb6 93. b3 axb3 94. Qxb3+ Ka5 95. Qb4+ Ka6 96. Qc4+ Ka5 97. Qb3 d5 98. Qb4+ Ka6 99. Qc5 Bf6 100. Qb4 Be5 101. Qg4 Bxc3 102. Qxf3 d4 103. Qe2+ Ka5 104. Qc4 Kb6 105.
Qb3+ Kc5 106. Ke2 Bd5 107. Qc2 b5 108. Kd1 Bc4 109. Qh7 Kb6 110. Qe7 Bb3+ 111. Kc1 Ba4 112. Qd6+ Kb7 113. Qd7+ Kb6 114. Qd6+ Ka7 115. Qd5 Kb6 116. Qd6+ 1/2-1/2

[Event "*** Titled Tuesday Blitz"]
[Site "Chess.com"]
[Date "2019.08.06"]
[Round "7"]
[White "valeriocarnicelli"]
[Black "JonahWillow"]
[Result "1/2-1/2"]
[WhiteElo "2437"]
[BlackElo "2637"]
[TimeControl "180+2"]
[EndTime "14:45:59 PDT"]
[Termination "Game drawn by 50-move rule"]

1. e4 c5 2. Nf3 e6 3. d4 cxd4 4. Nxd4 Nc6 5. Nb5 d6 6. Bf4 e5 7. Be3 Nf6 8. N1c3 a6 9. Na3 b5 10. Nd5 Rb8 11. Bd3 Be6 12. Nxf6+ Qxf6 13. c3 Be7 14.
O-O O-O 15. Nc2 Rfd8 16. f4 exf4 17. Bxf4 Ne5 18. Be2 Qg6 19. Nd4 Qxe4 20. Nxe6 fxe6 21. Kh1 Bf6 22. Bg3 b4 23. Rf4 Qg6 24. Rxb4 Rxb4 25. cxb4 Nc6 26. Qd2 Qe4 27. Bxa6 Qxb4 28. Qxb4 Nxb4 29.
Bb7 Bxb2 30. Rb1 Bc3 31. Rb3 Bd2 32. a3 Nd5 33. Bxd5 exd5 34. Rd3 Bc1 35. a4 Kf7 36. Rxd5 Ke6 37. Rd1 Bb2 38. Rd2 Bc3 39. Ra2 Ra8 40. Kg1 Rf8 41. h3 Bd4+ 42. Kh2 Rf1 43. h4 h5 44. a5 Bg1+ 45. Kh3 Bd4 46. Kh2 Kf5 47.
Bxd6 Kg4 48. g3 Kf3 49. Ra3+ Ke4 50. Ra2 Kd5 51. Bf4 Ba7 52. a6 Ke4 53. Kg2 Rg1+ 54. Kh2 Rb1 55. Re2+ Kf3 56. Ra2 Bg1+ 57. Kh3 Bc5 58.
Kh2 Ba7 59. Ra3+ Ke4 60. Ra4+ Kf3 61. Ra3+ Kg4 62. Ra2 g6 63. Kg2 Rg1+ 64. Kh2 Kf3 65. Bc7 Rc1 66. Ra3+ Kg4 67. Ra4+ Kf3 68. Ra3+ Ke4 69.
Ra2 Rxc7 70. Re2+ Kf3 71. Re6 Rc2+ 72. Kh3 Bg1 73. Rf6+ Ke4 74. g4 hxg4+ 75. Kxg4 Rg2+ 76.
Kh3 Rh2+ 77. Kg3 Ra2 78. Rxg6 Bf2+ 79. Kg4 Bd4 80. Kh5 Kf5 81. Rc6 Rh2 82. Rc4 Bf2 83. Ra4 Ba7 84. Ra5+ Kf6 85. Rb5 Ra2 86. Rb3 Rxa6 87.
Rf3+ Kg7 88. Kg4 Ra4+ 89. Rf4 Ra2 90. Kf5 Kh6 91. Rc4 Ra5+ 92. Ke4 Kh5 93. Kd3 Rd5+ 94. Kc3 Rd7 95. Kb3 Bf2 96. Kb4 Bxh4 97. Kb5 Be7 98. Ka4 Kg6 99. Kb5 Kf5 100. Kc6 Rd1 101. Kb5 Ke6 102. Re4+ Kd7 103. Kc4 Bd6 104. Re3 Kc6 105. Rd3 Rh1 106. Kd4 Rh4+ 107. Ke3 Be5 108. Kf3 Kc5 109. Rd7 Bd6 110. Rf7 Kd5 111. Rf5+ Be5 112. Rf7 Ra4 113. Rb7 Ra3+ 114. Kg4 Rg3+ 115. Kf5 Rf3+ 116. Kg4 Rf1 117. Rb5+ Ke4 118. Rb4+ Bd4 119. Rb3 Rf7 120. Rb5 Rf4+ 121. Kg5 Rf1 122. Kg6 Rg1+ 123. Rg5 Ra1 124. Rb5 Ra6+ 125. Kg5 Be3+ 126. Kg4 Rg6+ 127. Kh4 Rg1 128. Rb4+ Kf5 129. Kh3 Bf4 130. Rb5+ Be5 131. Rb3 Rg6 132. Rf3+ Bf4 133. Rb3 Ke4 134. Ra3 Be3 135. Kh4 Kf3 136. Ra5 Rh6+ 137. Rh5 Ra6 138. Rb5 Bf4 139. Rb3+ Be3 140. Rb5 Rc6 141. Ra5 Rc1 142. Kh5 Rc6 143. Kh4 Re6 144. Rb5 Rg6 145. Ra5 Bf4 146. Ra3+ Ke4 1/2-1/2

[Event "*** Titled Tuesday Blitz"]
[Site "Chess.com"]
[Date "2019.08.06"]
[Round "8"]
[White "Iyael"]
[Black "novocane"]
[Result "0-1"]
[WhiteElo "2147"]
[BlackElo "2174"]
[TimeControl "180+2"]
[EndTime "14:47:46 PDT"]
[Termination "novocane won by resignation"]

1. e4 c5 2. c3 Nf6 3. e5 Nd5 4. d4 cxd4 5. Nf3 Nc6 6. Bc4 Nb6 7. Bb3 d5 8. exd6 Qxd6 9. O-O Be6 10. Bxe6 Qxe6 11.
Nxd4 Nxd4 12. Qxd4 Rd8 13. Qh4 Qc4 14. Be3 Qxh4 0-1

[Event "*** Titled Tuesday Blitz"]
[Site "Chess.com"]
[Date "2019.08.06"]
[Round "8"]
[White "Me_ch_an"]
[Black "tgpgoat"]
[Result "1-0"]
[WhiteElo "2321"]
[BlackElo "1956"]
[TimeControl "180+2"]
[EndTime "14:47:47 PDT"]
[Termination "Me_ch_an won by resignation"]

1. e4 c5 2. Nc3 Nc6 3. g3 g6 4.
Bg2 Bg7 5. d3 d6 6. Be3 Nf6 7.
h3 O-O 8. Qd2 a6 9. Nge2 b5 10.
e5 d5 11. exf6 1-0

[Event "*** Titled Tuesday Blitz"]
[Site "Chess.com"]
[Date "2019.08.06"]
[Round "8"]
[White "Pakarma"]
[Black "Kawhi_Leonard2"]
[Result "0-1"]
[WhiteElo "2398"]
[BlackElo "2359"]
[TimeControl "180+2"]
[EndTime "14:48:21 PDT"]
[Termination "Kawhi_Leonard2 won by resignation"]

1. e4 c5 2. Nf3 d6 3. d4 cxd4 4. Nxd4 Nf6 5. Nc3 g6 6. Bg5 Bg7 7. Qd2 Nc6 8. Nxc6 bxc6 9. Bh6 Bxh6 10. Qxh6 Qa5 11. O-O-O Rb8 12. Qe3 Be6 13. h3 Bxa2 0-1

[Event "*** Titled Tuesday Blitz"]
[Site "Chess.com"]
[Date "2019.08.06"]
[Round "8"]
[White "Roachelley"]
[Black "Morscas"]
[Result "0-1"]
[WhiteElo "2212"]
[BlackElo "2202"]
[TimeControl "180+2"]
[EndTime "14:48:32 PDT"]
[Termination "Morscas won by resignation"]

1. d4 Nf6 2. c4 c5 3. d5 e5 4. Nc3 d6 5. g3 g6 6. Bg2 Bg7 7. e4 Kf8 8. Nge2 h5 9. O-O h4 10. f4 hxg3 11. Nxg3 exf4 12. Bxf4 Ng4 13. Qf3 Bd4+ 0-1

[Event "*** Titled Tuesday Blitz"]
[Site "Chess.com"]
[Date "2019.08.06"]
[Round "8"]
[White "JSMastropiero"]
[Black "Nathan_Filgueiras"]
[Result "0-1"]
[WhiteElo "2300"]
[BlackElo "2233"]
[TimeControl "180+2"]
[EndTime "14:48:55 PDT"]
[Termination "Nathan_Filgueiras won by resignation"]

1. d4 Nf6 2. c4 e6 3. Nc3 Bb4 4. e3 O-O 5. Bd3 c5 6. Nf3 Nc6 7. O-O Bxc3 8. bxc3 d6 9. e4 e5 10. d5 Ne7 11. Ne1 Ng6 12. g3 Bh3 13. Ng2 Qd7 14.
Bg5 Ne8 15. Qh5 Bg4 0-1

[Event "*** Titled Tuesday Blitz"]
[Site "Chess.com"]
[Date "2019.08.06"]
[Round "8"]
[White "Alopekos"]
[Black "PNEPaul"]
[Result "1-0"]
[WhiteElo "2469"]
[BlackElo "1750"]
[TimeControl "180+2"]
[EndTime "14:49:24 PDT"]
[Termination "Alopekos won by resignation"]

1. e4 e5 2. Nf3 Nc6 3. Bb5 f5 4. Bxc6 dxc6 5. Nc3 Nf6 6. Qe2 Be7 7. Nxe5 O-O 8. Qc4+ Kh8 9. Nf7+ Rxf7 10. Qxf7 fxe4 11. O-O Bd6 12. Re1 Bxh2+ 13. Kxh2 Ng4+ 14. Kg1 Bd7 15. Nxe4 Qh4 16. Qf4 Re8 17. d3 Kg8 18. Be3 Rf8 19. Qg3 Qh5 20. Bd4 1-0

[Event "*** Titled Tuesday Blitz"]
[Site "Chess.com"]
[Date "2019.08.06"]
[Round "8"]
[White "Nakachuk"]
[Black "olksuna"]
[Result "0-1"]
[WhiteElo "2653"]
[BlackElo "2551"]
[TimeControl "180+2"]
[EndTime "14:50:00 PDT"]
[Termination "olksuna won by resignation"]

1. d4 d5 2. Bf4 Nf6 3. e3 e6 4.
Nd2 Bd6 5. Bg3 c5 6. c3 Qc7 7. Ngf3 Nbd7 8. Bb5 O-O 9. Bxd7 Nxd7 10. dxc5 Nxc5 11.
Bxd6 Qxd6 12. O-O b6 13. Re1 Nd3 14. Re2 Nxb2 15. Ne4 Qa3 16. Qd4 dxe4 17. Ng5 Bb7 18. Qe5 Nd3 19. Qg3 Qxc3 20. Rf1 h6 21. Nh3 Rac8 22.
f4 exf3 23. gxf3 Qe5 24. f4 Qe4 0-1

[Event "*** Titled Tuesday Blitz"]
[Site "Chess.com"]
[Date "2019.08.06"]
[Round "8"]
[White "djano"]
[Black "SanchezKelvin"]
[Result "0-1"]
[WhiteElo "2344"]
[BlackElo "2455"]
[TimeControl "180+2"]
[EndTime "14:50:24 PDT"]
[Termination "SanchezKelvin won by resignation"]

1. e4 c5 2. Nc3 Nc6 3. Bb5 g6 4.
Bxc6 bxc6 5. Nge2 Bg7 6. O-O e5 7. f4 exf4 8. Nxf4 Ne7 9. d3 O-O 10. Be3 d6 11. Qd2 Rb8 12. Rab1 f5 13. Kh1 g5 14.
Nh5 f4 15. Bg1 Bh8 16. g3 Bg4 17. Nxf4 gxf4 18. gxf4 Bg7 19. f5 Kh8 20. Qg5 Bxc3 21. bxc3 Rxb1 22. f6 Ng6 23. Qh6 Rxf6 0-1

[Event "*** Titled Tuesday Blitz"]
[Site "Chess.com"]
[Date "2019.08.06"]
[Round "8"]
[White "farzadbfd"]
[Black "ElHelvetico"]
[Result "0-1"]
[WhiteElo "2662"]
[BlackElo "2701"]
[TimeControl "180+2"]
[EndTime "14:50:31 PDT"]
[Termination "ElHelvetico won by resignation"]

1. e4 c5 2. Nc3 Nc6 3. g3 g6 4. Bg2 Bg7 5. d3 d6 6. Be3 e5 7.
Nge2 Nge7 8. Qd2 Nd4 9. f4 O-O 10. O-O f5 11. Rab1 Rb8 12. Nd5 Nxd5 13. exd5 b5 14. a3 a5 15. Nc1 b4 16. a4 Ba6 17. Ne2 Nxe2+ 18. Qxe2 e4 19. Qd2 Re8 20. dxe4 Bxf1 21. Rxf1 Bxb2 22. exf5 Rxe3 23. fxg6 hxg6 24. Bh3 Bd4 25. Kh1 Qf6 26. f5 g5 27. Qd1 Kg7 0-1

[Event "*** Titled Tuesday Blitz"]
[Site "Chess.com"]
[Date "2019.08.06"]
[Round "8"]
[White "Zq1"]
[Black "bluejay1897"]
[Result "0-1"]
[WhiteElo "2543"]
[BlackElo "2302"]
[TimeControl "180+2"]
[EndTime "14:50:37 PDT"]
[Termination "bluejay1897 won by resignation"]

1. d4 Nf6 2. c4 e6 3. g3 b6 4. Bg2 c6 5. Nc3 Bb7 6. Nh3 d5 7. O-O Be7 8. Nf4 O-O 9. b3 Nbd7 10. Bb2 Re8 11. e4 dxe4 12. Nxe4 Nxe4 13. Bxe4 Nf6 14.
Bg2 Qc7 15. c5 bxc5 16. dxc5 e5 17. Nd3 e4 18. Nf4 Bxc5 19. Bxf6 gxf6 20. Nh5 Qe5 21. Qg4+ Kf8 22. Bxe4 Qg5 23. Qxg5 fxg5 24. Bxh7 Ba6 25. Rfe1 Re2 26. Be4 Bxf2+ 0-1

[Event "*** Titled Tuesday Blitz"]
[Site "Chess.com"]
[Date "2019.08.06"]
[Round "8"]
[White "Winehouse83"]
[Black "Blazinq"]
[Result "0-1"]
[WhiteElo "2615"]
[BlackElo "2619"]
[TimeControl "180+2"]
[EndTime "14:50:44 PDT"]
[Termination "Blazinq won by resignation"]

1. d4 d5 2. c4 e6 3. Nf3 Nf6 4. Nc3 c6 5. e3 Nbd7 6. Qc2 Bd6 7.
g4 h6 8. Rg1 b6 9. h4 Bb7 10. g5 hxg5 11. hxg5 Nh5 12. Be2 g6 13. Bd2 Qe7 14. e4 dxe4 15. Nxe4 Bf4 16. c5 Bxd2+ 17.
Nfxd2 O-O-O 18. Nd6+ Kb8 19. N2e4 e5 20. Bxh5 Rxh5 21.
O-O-O exd4 22. Rxd4 Nxc5 23. Nxc5 Rxd6 24. Re4 Qxg5+ 25.
Rxg5 Rh1+ 0-1

[Event "*** Titled Tuesday Blitz"]
[Site "Chess.com"]
[Date "2019.08.06"]
[Round "8"]
[White "colegiodemadrid"]
[Black "Bladel"]
[Result "0-1"]
[WhiteElo "2337"]
[BlackElo "2466"]
[TimeControl "180+2"]
[EndTime "14:51:03 PDT"]
[Termination "Bladel won by checkmate"]

1. e4 c5 2. Nf3 Nc6 3. d4 cxd4 4. Nxd4 Nf6 5. Nc3 e5 6. Ndb5 d6 7. Bg5 a6 8. Na3 b5 9. Nd5 Be7 10. Bxf6 Bxf6 11. c3 Bg5 12. Nc2 O-O 13. a4 bxa4 14. Rxa4 a5 15. Bc4 Kh8 16. Nce3 Rb8 17. b3 Bxe3 18. Nxe3 f5 19. exf5 Bxf5 20. Nxf5 Rxf5 21.
Qd5 Ne7 22. Qxa5 Qf8 23. O-O Ng6 24. Bd3 e4 25. Qxf5 Qxf5 26. Bxe4 Qf6 27. c4 Qd4 28. Bxg6 hxg6 29. Rb1 Rxb3 30. Re1 Rc3 31. h4 Rxc4 32. Ra8+ Kh7 33. Ree8 Rc1+ 34. Kh2 Qxh4# 0-1

[Event "*** Titled Tuesday Blitz"]
[Site "Chess.com"]
[Date "2019.08.06"]
[Round "8"]
[White "NTBT_DHS"]
[Black "Wolverine_master"]
[Result "1-0"]
[WhiteElo "2644"]
[BlackElo "2099"]
[TimeControl "180+2"]
[EndTime "14:51:41 PDT"]
[Termination "NTBT_DHS won by checkmate"]

1. d4 d5 2. c4 e6 3. Nf3 Nf6 4. g3 Be7 5. Bg2 O-O 6. O-O dxc4 7. Qc2 a6 8. Qxc4 b5 9. Qc2 Bb7 10. Bd2 Be4 11. Qc1 Nbd7 12. Ba5 Ra7 13. Nbd2 Ba8 14. Qc2 Qc8 15. b4 Bd6 16. Rac1 Bd5 17. e4 Nxe4 18. Nxe4 Qa8 19. Rfe1 Nf6 20. Nfg5 h6 21. Nxf6+ gxf6 22. Qh7# 1-0

[Event "*** Titled Tuesday Blitz"]
[Site "Chess.com"]
[Date "2019.08.06"]
[Round "8"]
[White "Oleg_Papayan"]
[Black "timator"]
[Result "0-1"]
[WhiteElo "2499"]
[BlackElo "2435"]
[TimeControl "180+2"]
[EndTime "14:51:56 PDT"]
[Termination "timator won by resignation"]

1. e4 c5 2. c3 d5 3. e5 Bf5 4. Ne2 e6 5. Ng3 Bg6 6. h4 h6 7.
h5 Bh7 8. d4 Nc6 9. Bd3 Bxd3 10. Qxd3 Qb6 11. Ne2 cxd4 12. cxd4 Bb4+ 13. Nbc3 Nge7 14.
a3 Bxc3+ 15. bxc3 Na5 16. Rb1 Qc7 17. Rh3 Nc4 18. Rg3 Nf5 19. Rf3 Ne7 20. Kf1 Rf8 21. Qh7 Rg8 22. Bxh6 gxh6 23. Qxf7+ Kd7 24. Nf4 Nd2+ 25.
Ke1 Nxf3+ 26. gxf3 Qxc3+ 27. Ke2 Qc2+ 28. Ke3 Qxb1 29.
Qxe6+ Kd8 30. Qd6+ Ke8 31. Ne6 Nf5+ 0-1

[Event "*** Titled Tuesday Blitz"]
[Site "Chess.com"]
[Date "2019.08.06"]
[Round "8"]
[White "VladimirBelous"]
[Black "giantslayer83"]
[Result "1-0"]
[WhiteElo "2823"]
[BlackElo "2660"]
[TimeControl "180+2"]
[EndTime "14:51:59 PDT"]
[Termination "VladimirBelous won by resignation"]

1. c4 e6 2. Nf3 d5 3. g3 Nf6 4. Bg2 Be7 5. O-O O-O 6. d4 dxc4 7. Qc2 a6 8. Rd1 b5 9. Ne5 c6 10. Nxc6 Nxc6 11. Bxc6 Ra7 12. a4 Rc7 13. axb5 axb5 14. Bxb5 Bb7 15. Nc3 Nd5 16. e4 Nb4 17. Qe2 Qc8 18.
Bf4 Rc6 19. Bxc6 Qxc6 20. d5 exd5 21. exd5 Qd7 22. Qxc4 Rc8 23. Qb5 Qxb5 24. Nxb5 Nxd5 25. Nd6 Bxd6 26. Bxd6 h6 27. Ra5 Nf6 28. Be7 Bf3 29.
Rd8+ Rxd8 30. Bxd8 Nd5 31. Ra3 Be2 32. f3 g5 33. Kf2 Bc4 34. Ra4 Bb3 35. Ra3 Bc2 36.
Ra5 Nb4 37. Ke3 Kg7 38. h4 Nc6 39. Rd5 Bb3 40. Rd6 Ne5 41. Bf6+ 1-0

[Event "*** Titled Tuesday Blitz"]
[Site "Chess.com"]
[Date "2019.08.06"]
[Round "8"]
[White "underdogchss"]
[Black "Supernotar"]
[Result "0-1"]
[WhiteElo "2517"]
[BlackElo "2632"]
[TimeControl "180+2"]
[EndTime "14:52:00 PDT"]
[Termination "Supernotar won by resignation"]

1. d4 d5 2. Nf3 Nf6 3. c4 dxc4 4. e3 e6 5. Bxc4 a6 6. O-O b5 7. Bd3 Bb7 8. a4 b4 9. Qe2 Nbd7 10. e4 Be7 11.
Bf4 O-O 12. Nbd2 c5 13. Bg5 cxd4 14. e5 Nd5 15. Bxe7 Qxe7 16. Qe4 g6 17. Qxd4 Rfd8 18. Ne4 Nf4 19. Nd6 Nxe5 20. Nxe5 Qg5 0-1

[Event "*** Titled Tuesday Blitz"]
[Site "Chess.com"]
[Date "2019.08.06"]
[Round "8"]
[White "Spring199"]
[Black "Saloni1299"]
[Result "1-0"]
[WhiteElo "2233"]
[BlackElo "2041"]
[TimeControl "180+2"]
[EndTime "14:52:05 PDT"]
[Termination "Spring199 won by resignation"]

1. d4 Nf6 2. c4 g6 3. Nc3 d5 4. cxd5 Nxd5 5. e4 Nxc3 6. bxc3 Bg7 7. Nf3 c5 8. Bb5+ Nc6 9. O-O cxd4 10. cxd4 O-O 11.
Be3 Qa5 12. Qb3 Nb4 13. Be2 Be6 14. d5 Bd7 15. Bd2 Bxa1 16. Bxb4 Qb6 17. Rxa1 a5 18.
Bxe7 Qxb3 19. axb3 Rfe8 20. d6 Be6 21. Nd4 Bd7 22. Nb5 Bxb5 23. Bxb5 Reb8 24. d7 b6 25. Rd1 Rd8 26. Bxd8 Rxd8 27. Rc1 Kf8 28. Rc8 Ke7 29.
Rxd8 Kxd8 30. Kf1 1-0

[Event "*** Titled Tuesday Blitz"]
[Site "Chess.com"]
[Date "2019.08.06"]
[Round "8"]
[White "GMHess"]
[Black "vlad_Sid"]
[Result "1-0"]
[WhiteElo "2799"]
[BlackElo "2595"]
[TimeControl "180+2"]
[EndTime "14:52:08 PDT"]
[Termination "GMHess won by resignation"]

1. d4 Nf6 2. c4 c5 3. d5 b5 4. cxb5 a6 5. b6 d6 6. g3 Nbd7 7. Bg2 Nxb6 8. Nc3 g6 9. Nf3 Bg7 10. O-O O-O 11. e4 Rb8 12. Re1 Bg4 13. h3 Bxf3 14.
Qxf3 Nc4 15. Qe2 Ne5 16. f4 Ned7 17. Qxa6 Rb4 18. a3 Rb3 19. Qa4 Qb6 20. e5 dxe5 21.
fxe5 Nxe5 22. Rxe5 Nh5 23. Rxe7 Nxg3 24. Qc6 Qa5 25.
Qa4 Bxc3 26. Qxb3 Bd4+ 27. Be3 Nf5 28. Bxd4 Nxe7 29. Bc3 1-0

[Event "*** Titled Tuesday Blitz"]
[Site "Chess.com"]
[Date "2019.08.06"]
[Round "8"]
[White "Everyfishknows"]
[Black "kasparicy"]
[Result "1-0"]
[WhiteElo "2407"]
[BlackElo "2400"]
[TimeControl "180+2"]
[EndTime "14:52:16 PDT"]
[Termination "Everyfishknows won by resignation"]

1. Nf3 f5 2. d3 Nf6 3. e4 fxe4 4. dxe4 Nxe4 5. Bd3 Nf6 6. Ng5 d5 7. Bxh7 e5 8. Bg6+ Ke7 9. Nf7 Qd7 10. Nxh8 Qe6 11. b3 c5 12. O-O b6 13. Re1 Nc6 14. Bb2 Bd7 15. Nf7 d4 16. Nd2 Nd5 17. Qh5 Nf4 18.
Qg5+ Qf6 19. Rxe5+ Nxe5 20. Qxe5+ Qxe5 21. Nxe5 Nxg6 22. Nxg6+ Kf6 23. Nxf8 Rxf8 24. Re1 Bc6 25. f3 Rd8 26. Ne4+ Kf5 27. Kf2 d3 28. cxd3 Rxd3 29.
Re2 Rd1 30. Bxg7 1-0

[Event "*** Titled Tuesday Blitz"]
[Site "Chess.com"]
[Date "2019.08.06"]
[Round "8"]
[White "JMatias"]
[Black "politeplayer"]
[Result "1-0"]
[WhiteElo "2446"]
[BlackElo "2247"]
[TimeControl "180+2"]
[EndTime "14:52:23 PDT"]
[Termination "JMatias won by resignation"]

1. c4 e6 2. g3 d5 3. Bg2 c5 4.
Nf3 Nc6 5. O-O Nf6 6. b3 Be7 7. Bb2 O-O 8. e3 dxc4 9. bxc4 Qc7 10. Nc3 a6 11. Rc1 Rd8 12. Qe2 b5 13. cxb5 axb5 14.
Nxb5 Qb6 15. Ne5 Nxe5 16. Bxe5 Ba6 17. a4 Bxb5 18. axb5 Ra2 19. Rfd1 Nd5 20. Qc4 Nb4 21. d4 cxd4 22. Rxd4 Rf8 23. Rg4 f6 24. Bc7 Qc5 25.
Qxe6+ Rf7 1-0

[Event "*** Titled Tuesday Blitz"]
[Site "Chess.com"]
[Date "2019.08.06"]
[Round "8"]
[White "Mr_Penings"]
[Black "Chess_Boxer123"]
[Result "0-1"]
[WhiteElo "2510"]
[BlackElo "2445"]
[TimeControl "180+2"]
[EndTime "14:52:24 PDT"]
[Termination "Chess_Boxer123 won by resignation"]

1. c4 g6 2. g3 Bg7 3. Bg2 c5 4. Nc3 Nc6 5. Nf3 e6 6. d3 Nge7 7. Bg5 h6 8. Bd2 O-O 9. Qc1 Kh7 10. Rb1 d5 11. a3 dxc4 12. dxc4 e5 13. b4 cxb4 14.
axb4 Nd4 15. O-O Bf5 16. Rb2 Nec6 17. Nxd4 exd4 18. Nd5 d3 19. e4 Nd4 20. Qb1 Bg4 21.
f3 Be6 22. Ra2 Bxd5 23. exd5 Qb6 24. Kh1 Nc2 25. Qb3 Ne3 26. Bxe3 Qxe3 27. Rd1 Rfe8 28.
Rad2 a5 29. Rxd3 Qf2 30. R3d2 Re1+ 31. Rxe1 Qxe1+ 0-1

[Event "*** Titled Tuesday Blitz"]
[Site "Chess.com"]
[Date "2019.08.06"]
[Round "8"]
[White "LuisFSiles"]
[Black "NemtsevIgor"]
[Result "0-1"]
[WhiteElo "2188"]
[BlackElo "2308"]
[TimeControl "180+2"]
[EndTime "14:52:33 PDT"]
[Termination "NemtsevIgor won by resignation"]

1. d4 c6 2. c4 d6 3. Nf3 h6 4. Nc3 g5 5. e4 Bg7 6. Be3 Nd7 7.
Be2 Ngf6 8. Nd2 e5 9. d5 c5 10. h4 gxh4 11. Rxh4 Nf8 12. Rh1 a6 13. a4 Rb8 14. Nf1 Ng6 15. Ng3 Nf4 16. Bxf4 exf4 17. Nf5 Bxf5 18. exf5 Nd7 19. Qd2 Qb6 20. Ne4 Be5 21.
g3 fxg3 22. f4 Bd4 23. a5 Qxb2 24. Nxd6+ Ke7 25. Ne4 Qxa1+ 26. Bd1 Rbe8 27. Kf1 Qb2 28. Qd3 g2+ 0-1

[Event "*** Titled Tuesday Blitz"]
[Site "Chess.com"]
[Date "2019.08.06"]
[Round "8"]
[White "Litti"]
[Black "ruvat"]
[Result "1-0"]
[WhiteElo "2488"]
[BlackElo "2362"]
[TimeControl "180+2"]
[EndTime "14:52:35 PDT"]
[Termination "Litti won by resignation"]

1. e4 d6 2. d4 Nf6 3. Nc3 g6 4. Nf3 Bg7 5. Be3 O-O 6. Qd2 c6 7. O-O-O b5 8. Bd3 Nbd7 9. h4 h5 10. Bh6 b4 11. Bxg7 Kxg7 12. Ne2 Qa5 13. Kb1 Rb8 14.
e5 dxe5 15. Qg5 Nd5 16. Bc4 e4 17. Ne5 Nxe5 18. Qxe5+ Kg8 19. Qxb8 Be6 20. Qe5 Nc3+ 1-0

[Event "*** Titled Tuesday Blitz"]
[Site "Chess.com"]
[Date "2019.08.06"]
[Round "8"]
[White "KhazarBabazada"]
[Black "Padenie_Zvezd"]
[Result "1-0"]
[WhiteElo "2836"]
[BlackElo "2803"]
[TimeControl "180+2"]
[EndTime "14:52:42 PDT"]
[Termination "KhazarBabazada won by resignation"]

1. e4 c5 2. Nf3 Nc6 3. d4 cxd4 4. Nxd4 g6 5. c4 Bg7 6. Be3 Nf6 7. Nc3 Ng4 8. Qxg4 Nxd4 9. Qd1 Ne6 10. Be2 Bxc3+ 11.
bxc3 Qa5 12. Qd2 b6 13. O-O Bb7 14. Bd3 d6 15. Rae1 O-O 16. f4 Nc5 17. f5 Bxe4 18. Bd4 Nxd3 19. Rxe4 Ne5 20. Qh6 f6 21. fxg6 Nxg6 22.
h4 Rf7 23. Rg4 e5 24. h5 Rg7 25. hxg6 Kh8 26. Rxf6 exd4 27. Rf7 Qe5 28. cxd4 Qe1+ 29.
Kh2 Rag8 30. Qxh7+ 1-0

[Event "*** Titled Tuesday Blitz"]
[Site "Chess.com"]
[Date "2019.08.06"]
[Round "8"]
[White "canwedoit"]
[Black "imdvb6307"]
[Result "1-0"]
[WhiteElo "2429"]
[BlackElo "2380"]
[TimeControl "180+2"]
[EndTime "14:52:46 PDT"]
[Termination "canwedoit won by resignation"]

1. d4 f5 2. Nc3 Nf6 3. Bg5 c6 4. e3 d5 5. Bd3 Be6 6. Qf3 Ne4 7.
Bf4 Qa5 8. Ne2 Nd7 9. Qh3 Ndf6 10. f3 Nxc3 11. Nxc3 g6 12. O-O Bg7 13. Be5 Bd7 14. Rae1 O-O 15. Qh4 Qb6 16. Ne2 Rf7 17. Nf4 Ne8 18. b3 Bf6 19. Qf2 Ng7 20. c4 Bxe5 21. dxe5 Ne6 22. cxd5 Nxf4 23. exf4 e6 24. d6 Qxf2+ 25.
Kxf2 c5 26. Rc1 b6 27. b4 cxb4 28. Ba6 Ba4 29. Rc4 Rd8 30. Rxb4 Bc6 31. Rc1 Bd5 32. Bc4 Bxc4 33. Rbxc4 h6 34. Rc7 Kf8 35. Rxf7+ Kxf7 36. Rc7+ 1-0